 Dungeon Crawl Stone Soup version 0.28.0-43-g3370ac3207 (webtiles) character file.

Game seed: 2086999979581647234

72 sanboga the Covered (level 4, -2/29 HPs)
             Began as a Gargoyle Fighter on Mar 2, 2022.
             Slain by an adder (4 damage)
             ... on level 2 of the Dungeon.
             The game lasted 00:02:09 (2097 turns).

sanboga the Covered (Gargoyle Fighter)              Turns: 2097, Time: 00:02:09

Health: -2/29      AC: 17    Str: 22    XL:     4   Next: 25%
Magic:  4/4        EV:  7    Int:  8    God:
Gold:   67         SH:  4    Dex:  9    Spells: 3/3 levels left

rFire   . . .      SeeInvis .   a - +0 war axe
rCold   . . .      Faith    .   c - +0 buckler
rNeg    + . .      Spirit   .   m - +0 chain mail
rPois   ∞          Reflect  .   (no helmet)
rElec   +          Harm     .   (no cloak)
rCorr   .          Rampage  .   j - +0 pair of gloves
Will    .....                   g - +2 pair of boots
Stlth   ..........              (no amulet)
HPRegen 0.09/turn               (no ring)
MPRegen 0.09/turn               (no ring)

@: flying
A: sickness immunity, AC +3, negative energy resistance 1, electricity
resistance, torment resistance 1, petrification resistance
a: no special abilities


You were on level 2 of the Dungeon.
You visited 1 branch of the dungeon, and saw 3 of its levels.

You collected 67 gold pieces.

Inventory:

Hand Weapons
 a - a +0 war axe (weapon)
Armour
 c - a +0 buckler (worn)
 g - a +2 pair of boots (worn)
 j - a +0 pair of gloves (worn)
 m - a +0 chain mail (worn)
Wands
 l - a wand of acid (9)
Scrolls
 f - a scroll of identify {unknown}
 i - a scroll of enchant weapon {unknown}
Potions
 d - a potion of might
 e - a potion of haste {unknown}
 h - a potion of flight
 k - a potion of mutation {unknown}


   Skills:
 + Level 3.8 Fighting
 * Level 2.8 Axes
 + Level 3.8 Armour
 + Level 3.8 Shields


You had 3 spell levels left.
You didn't know any spells.
Your spell library contained the following spells:

 Spells                   Type           Power      Damage    Failure   Level
 Inner Flame              Hex/Fire       0%         N/A       100%        3
 Cause Fear               Hex            0%         N/A       100%        4
 Discord                  Hex            0%         N/A       100%        8


Dungeon Overview and Level Annotations

Branches:
Dungeon (3/15)

Altars:


Innate Abilities, Weirdness & Mutations

You are immune to sickness and miasma.
Your stone body is resilient. (AC +3)
You are immune to poison.
You resist negative energy. (rN+)
You are resistant to electric shocks. (rElec)
You are resistant to unholy torment.
You are immune to petrification.


Message History

You hear a shout!
An orc comes into view. It is wielding a +0 dagger.
An adder and 2 orcs come into view.
The adder hisses angrily.
The orc shouts!
The adder moves out of view.
You slash the orc!
You kill the orc!
The orc throws a boomerang.
The boomerang hits you but does no damage.
Found a robe.
The orc barely misses you.
The orc priest hits you with a +0 flail.
There is an open door here.
You hit the orc priest but do no damage.
You hit the adder. You closely miss the orc. The adder barely misses you.
The orc barely misses you.
An orc comes into view. It is wielding a +0 club.
The orc priest calls down the wrath of Beogh upon you.
Beogh smites you!
Ouch! That really hurt!
The adder closely misses you.
The orc shouts!
The adder closely misses you.
There is a stone staircase leading up here.
The adder closely misses you.
The orc priest invokes the aid of Beogh against you.
Beogh smites you!
* * * LOW HITPOINT WARNING * * *
The adder bites you but does no damage.
You climb upwards.
There is a stone staircase leading down here.
It was a potion of flight.
You feel very buoyant.
You fly up into the air.
The adder barely misses you.
You hit the adder.
The adder is heavily wounded.
You block the adder's attack.
You closely miss the adder.
The adder is heavily wounded.
The adder bites you.
You die...

######.###########.#
#.....#.........#.#
##.#####.#######.#.#
...)..##.....# #.#.#
##.##.######.###.#.#
...##.# #.......#
#####.##########.###
#.......#....###S#
.....<.........)@#
#.......#.##..####
#.......#.##..#
###.......##..#
..........##..#
..........##..#
..........##..#
####..........#
####.##....#..######


You could see an adder.

Vanquished Creatures
  3 adders (D:2)
  A dart slug (D:1)
  6 orcs
  A ball python (D:1)
  2 bats
  4 endoplasms
  2 giant cockroaches (D:1)
  2 hobgoblins (D:1)
  4 frilled lizards (D:1)
  5 goblins
  A kobold (D:2)
  4 rats
  A spectral goblin (D:1)
36 creatures vanquished.

Notes
Turn   | Place    | Note
-------+----------+-------------------------------------------
     0 | D:1      | sanboga the Gargoyle Fighter began the quest for the Orb.
     0 | D:1      | Reached XP level 1. HP: 14/14 MP: 1/1
   136 | D:1      | Reached XP level 2. HP: 19/19 MP: 2/2
   371 | D:1      | Found a faded altar of an unknown god.
   655 | D:1      | Reached XP level 3. HP: 23/23 MP: 3/3
  1605 | D:2      | Reached XP level 4. HP: 29/29 MP: 4/4
  2093 | D:3      | HP: 1/29 [orc priest/divine providence (12)]
  2097 | D:2      | Slain by an adder

Illustrated notes

Levels and vault maps discovered:
D:1:      ebering_hopf_link, layout_basic,
          dreamdust_ecumenical_altar_drowned_temple
D:2:      layout_basic
D:3:      layout_basic, mainiacjoe_overflow_cross_hatched,
          makhleb_altar_promises_db, glass_columns_c

Skill      XL: |  1 |
---------------+----+-----
Axes           | 2 |  2.8
Fighting       | |  3.8
Armour         | |  3.8
Shields        | |  3.8

Action                   |  1- 3 |  4- 6 || total
-------------------------+-------+-------++-------
Melee: War axe           |    92 |    21 ||   113
  Use: Potion            |       |     1 ||     1
Armor: Scale mail        |    53 |       ||    53
       Chain mail        |       |    26 ||    26
Dodge: Dodged            |    39 |    22 ||    61
Block: Buckler           |    16 |     5 ||    21
